 Dungeon Crawl Stone Soup version 0.20.1-1-g8b1a95d (console) character file.

3778 hilaritas the Cleaver (level 9, -26/68 HPs)
             Began as a Demonspawn Artificer on Jan 19, 2018.
             Was an Elder of Okawaru.
             Annihilated by an orc knight
             ... wielding a +0 halberd
              (34 damage)
             ... in a bailey.
             The game lasted 00:20:52 (6930 turns).

hilaritas the Cleaver (Demonspawn Artificer)        Turns: 6930, Time: 00:20:53

Health: -26/68     AC: 10    Str: 21    XL:     9   Next: 95%
Magic:  0/13       EV: 18    Int: 12    God:    Okawaru [****..]
Gold:   477        SH: 12    Dex: 16    Spells: 8/8 levels left

rFire    . . .     SeeInvis .   n - +1 hand axe (freeze)
rCold    + . .     Gourm    .   m - +0 buckler
rNeg     . . .     Faith    .   B - +3 ring mail {rC+}
rPois    .         Spirit   +   t - +0 helmet
rElec    .         Reflect  +   (no cloak)
rCorr    .         Harm     .   (no gloves)
MR       .....                  (boots unavailable)
Stlth    +++.......             D - +5 amulet of reflection
Regen    0.3/turn               F - +2 ring of slaying
MPRegen  0.2/turn               v - +3 ring of evasion

@: mighty, heroism, hasted, very quick
A: hooves 3, thin skeletal structure 1, magic shield
a: Heroism, Renounce Religion


You were in a bailey.
You worshipped Okawaru.
Okawaru was greatly pleased with you.
You were not hungry.

You visited 2 branches of the dungeon, and saw 9 of its levels.
You also visited: Bailey.

You collected 771 gold pieces.
You spent 294 gold pieces at shops.

Inventory:

Hand Weapons
 n - a +1 hand axe of freezing (weapon)
 w - a +0 war axe
 A - a +2 whip of flaming
Armour
 m - a +0 buckler (worn)
 t - a +0 helmet (worn)
 B - a +3 ring mail of cold resistance (worn)
Jewellery
 i - an uncursed amulet of regeneration
 v - a +3 ring of evasion (right hand)
 y - a +3 ring of protection
 D - a +5 amulet of reflection (around neck)
 F - a +2 ring of slaying (left hand)
Wands
 c - a wand of flame (15/48)
 d - a wand of enslavement (15/24)
 e - a wand of random effects (15/48)
 o - a wand of confusion (29/48)
 p - a wand of lightning (12/15)
 x - a wand of enslavement (10/24)
 G - a wand of enslavement (8/24)
Scrolls
 a - a scroll of fear
 g - 8 scrolls of remove curse
 h - 4 scrolls of teleportation
 C - 3 scrolls of blinking
 E - 2 scrolls of enchant armour
 I - a scroll of acquirement {unknown}
Potions
 b - a potion of lignification
 j - 2 potions of haste
 l - 2 potions of flight
 q - 6 potions of curing
 s - 3 potions of might
 z - 2 potions of heal wounds
Comestibles
 f - 3 bread rations
 k - 4 royal jellies
 r - 2 fruits
 u - 4 meat rations
 H - a chunk of flesh


   Skills:
 * Level 5.4(10.4) Fighting
   Level 0.8(5.8) Short Blades
 - Level 10.0(15.0) Axes
 + Level 0.5(5.5) Armour
 - Level 1.9(6.9) Dodging
 - Level 0.8(5.8) Stealth
 - Level 5.0(10.0) Shields
 * Level 5.9 Invocations
 - Level 3.0 Evocations


You had 8 spell levels left.
You didn't know any spells.

Dungeon Overview and Level Annotations

Branches:
Dungeon (8/15)             Temple (1/1) D:4
   Lair: D:8-11

Altars:
Ashenzari
Dithmenos
Elyvilon
Fedhas
Gozag
Makhleb
Nemelex Xobeh
Okawaru
Sif Muna
Trog
Xom
Yredelemnul
The Shining One

Shops:
D:7 =

Annotations:
Bailey Amaterasu's ghost, journeyman DrEE


Innate Abilities, Weirdness & Mutations

You have hooves in place of feet.
You have a somewhat thin skeletal structure. (Dex +2, Stealth)
When hurt, damage is shared between your health and your magic reserves.


Message History

The orc hits you but does no damage.
The orc knight hits you with a halberd!!
* * * LOW HITPOINT WARNING * * *
The orc knight closely misses you.
Unknown command.
You feel much better. The orc warrior closely misses you.
You block the orc's attack. The orc warrior misses you.
The orc barely misses you.
You hit the orc knight. You freeze the orc knight. You kick the orc knight.
The orc knight is heavily wounded.
The orc knight hits you with a halberd!!
* * * LOW HITPOINT WARNING * * *
Unknown command.
Unknown command.
Unknown command.
The orc no longer looks unusually strong.
The orc warrior closely misses you.
The orc knight hits you with a halberd!!
Ouch! That really hurt!
You die...

####### ######
##.....#########.....#
###.......#.....#.......
..#)......'.....'o......
..))......'.....ooo.....
..#)......'....)@oo.....
###.......#.....#oW.....
##.....#########o....#
####### ######


You could see 3 orc knights, 2 orc warriors, Amaterasu's ghost and 3 orcs.

Vanquished Creatures
  A two-headed ogre (D:7)
  Pikel (D:4)
  A hippogriff (D:7)
  Edmund (D:4)
  6 orc warriors
  An ice beast (D:6)
  2 sky beasts
  2 ogres
  A phantom (D:4)
  A big kobold (D:7)
  4 wights (D:8)
  A crimson imp (D:7)
  2 hounds
  2 bullfrog zombies
  2 jellies (D:6)
  5 orc priests
  2 orc wizards
  5 iguanas
  3 worker ants
  2 hound skeletons
  A howler monkey zombie (D:6)
  A worker ant zombie (D:6)
  Robin (D:3)
  4 gnolls (D:5)
  10 adders
  4 shadow imps
  2 adder zombies
  3 worms
  3 dart slugs
  3 leopard geckos
  52 orcs
  A ball python (D:7)
  7 giant cockroaches
  12 goblins
  8 hobgoblins
  10 jackals
  6 quokkas
  8 bats
  7 frilled lizards
  10 kobolds
  A leopard gecko zombie (D:3)
  4 rats (D:1)
203 creatures vanquished.

Notes
Turn   | Place    | Note
-------+----------+-------------------------------------------
     0 | D:1      | hilaritas the Demonspawn Artificer began the quest for the Orb.
     0 | D:1      | Reached XP level 1. HP: 15/15 MP: 3/3
   465 | D:1      | Gained mutation: When hurt, damage is shared between your health and your magic reserves. [demonic ancestry]
   465 | D:1      | Reached XP level 2. HP: 20/21 MP: 4/4
  1042 | D:2      | Reached skill level 1 in Axes
  1059 | D:2      | Found a shattered altar of Ashenzari.
  1060 | D:2      | Found a blossoming altar of Fedhas.
  1126 | D:2      | Gained mutation: You have large cloven feet. [demonic ancestry]
  1126 | D:2      | Reached XP level 3. HP: 26/26 MP: 5/5
  1384 | D:2      | Reached skill level 2 in Axes
  1409 | D:2      | Reached skill level 1 in Shields
  1545 | D:2      | Reached XP level 4. HP: 10/33 MP: 3/6
  2016 | D:3      | Noticed Robin
  2052 | D:3      | Killed Robin
  2052 | D:3      | Reached skill level 3 in Axes
  2317 | D:3      | Found a glowing golden altar of the Shining One.
  2548 | D:4      | Noticed Edmund
  2576 | D:4      | Killed Edmund
  2576 | D:4      | Reached skill level 4 in Axes
  2576 | D:4      | Reached XP level 5. HP: 27/38 MP: 4/7
  2724 | D:4      | Gained mutation: You have hoof-like feet. [demonic ancestry]
  2724 | D:4      | Reached XP level 6. HP: 43/44 MP: 8/8
  2850 | D:4      | Found a staircase to the Ecumenical Temple.
  2861 | Temple   | Entered the Ecumenical Temple
  2876 | Temple   | Became a worshipper of Warmaster Okawaru
  3017 | D:4      | Found a shadowy altar of Dithmenos.
  3017 | D:4      | Noticed Pikel
  3017 | D:4      | Noticed a slave
  3017 | D:4      | Noticed a slave
  3017 | D:4      | Noticed a slave
  3018 | D:4      | Noticed a slave
  3039 | D:4      | Killed Pikel
  3039 | D:4      | Reached * piety under Okawaru
  3039 | D:4      | Reached skill level 6 in Axes
  3039 | D:4      | Reached XP level 7. HP: 37/52 MP: 5/9
  3127 | D:4      | HP: 1/52 [orc priest/divine providence (16)]
  3399 | D:5      | Entered Level 5 of the Dungeon
  3401 | D:5      | Found a shimmering altar of Xom.
  3555 | D:5      | You fall through a shaft for 2 floors!
  3555 | D:7      | Found a basalt altar of Yredelemnul.
  3586 | D:6      | Gained mutation: You have hooves in place of feet. [demonic ancestry]
  3586 | D:6      | Reached XP level 8. HP: 54/58 MP: 8/10
  3821 | D:6      | Reached ** piety under Okawaru
  3824 | D:6      | Reached skill level 7 in Axes
  4584 | D:6      | Found an opulent altar of Gozag.
  5383 | D:7      | Noticed a two-headed ogre
  5395 | D:6      | Reached skill level 8 in Axes
  5417 | D:7      | Killed a two-headed ogre
  5417 | D:7      | Gained mutation: You have a somewhat thin skeletal structure. (Dex +2, Stealth) [demonic ancestry]
  5417 | D:7      | Reached XP level 9. HP: 52/66 MP: 7/12
  5692 | D:7      | Found Fudd's Jewellery Boutique.
  5696 | D:7      | Reached *** piety under Okawaru
  5696 | D:7      | Reached skill level 9 in Axes
  5705 | D:7      | Bought a +2 ring of slaying for 294 gold pieces
  5957 | D:7      | Reached skill level 5 in Invocations
  6196 | D:7      | Reached skill level 5 in Shields
  6326 | D:8      | Found a white marble altar of Elyvilon.
  6548 | D:8      | Reached skill level 10 in Axes
  6563 | D:8      | Found a flagged portal.
  6577 | Bailey   | Entered a bailey
  6710 | Bailey   | Reached skill level 5 in Fighting
  6723 | Bailey   | Reached **** piety under Okawaru
  6911 | Bailey   | Noticed an orc knight
  6912 | Bailey   | Noticed an orc knight
  6917 | Bailey   | Noticed an orc knight
  6921 | Bailey   | Noticed Amaterasu's ghost (journeyman DrEE)
  6930 | Bailey   | Annihilated by an orc knight

Skill      XL: |  1  2  3  4  5  6  7  8  9 |
---------------+----------------------------+-----
Axes           | 1 2 4 6 8 10 | 10.0
Shields        | 1 2 3 4 5 |  5.0
Fighting       | 2 3 4 5 |  5.4
Invocations    | 2 4 5 |  5.9
Short Blades   | |  0.8
Armour         | |  0.5
Dodging        | |  1.9
Stealth        | |  0.8
Evocations     | |  3.0

Action                   |  1- 3 |  4- 6 |  7- 9 || total
-------------------------+-------+-------+-------++-------
Melee: Short sword       |    25 |       |       ||    25
       Hand axe          |   118 |   155 |   420 ||   693
       Kick              |    14 |    40 |   143 ||   197
Throw: Throwing net      |       |       |     1 ||     1
Invok: Heroism           |       |       |     3 ||     3
  Use: Scroll            |     4 |     8 |     7 ||    19
       Potion            |       |       |     7 ||     7
  Eat: Chunk             |     2 |     5 |    13 ||    20
Armor: Leather armour    |     8 |       |       ||     8
       Ring mail         |    37 |    57 |    85 ||   179
Dodge: Dodged            |    80 |    58 |   198 ||   336
Block: Buckler           |    21 |    14 |   127 ||   162
       Reflection        |       |       |     3 ||     3
